 Dungeon Crawl Stone Soup version 0.31.0-11-ge490571c62 (webtiles) character file.

Game seed: 5865827555010468826

98 Arcadio the Gusty (level 4, -24/33 HPs)
             Began as a Draconian Air Elementalist on Jan 29, 2024.
             Annihilated by a black bear (30 damage)
             ... on level 4 of the Dungeon.
             The game lasted 00:07:12 (3054 turns).

Arcadio the Gusty (Draconian Air Elementalist)      Turns: 3054, Time: 00:07:13

Health: -24/33     AC:  6    Str: 10    XL:     4   Next: 44%
Magic:  0/8        EV:  2    Int: 17    God:
Gold:   199        SH:  0    Dex: 12    Spells: 3/9 levels left

rFire   . . .        f - +0 dagger (venom)
rCold   . . .        (no shield)
rNeg    . . .        (body armour unavailable)
rPois   +            (helmet restricted)
rElec   .            w - scarf {repulsion}
rCorr   .            u - +0 pair of gloves
SInv    .            (no boots)
Will    .....        n - amulet of the acrobat
Stlth   ++           q - ring of poison resistance
HPRegen 0.25/turn    (no ring)
MPRegen 0.11/turn

%: repel missiles, acrobat
@: sleeping
A: AC +5, unfitting armour, cold-blooded
a: no special abilities


You were on level 4 of the Dungeon.
You visited 1 branch of the dungeon, and saw 4 of its levels.

You collected 199 gold pieces.

Inventory:

Hand Weapons
 b - a +0 spear
 d - a +0 dagger
 f - a +0 dagger of venom (weapon)
 r - a +1 short sword of venom
Armour
 j - a +0 kite shield
 u - a +0 pair of gloves (worn)
 w - a scarf of repulsion (worn)
Jewellery
 n - an amulet of the acrobat (around neck)
 q - a ring of poison resistance (left hand)
Scrolls
 c - 3 scrolls of vulnerability
 e - 3 scrolls of teleportation
 g - a scroll of fear {unknown}
 l - a scroll of amnesia {unknown}
 o - a scroll of immolation {unknown}
 s - a scroll of enchant weapon {unknown}
 t - a scroll of fog {unknown}
 v - a scroll of silence {unknown}
Potions
 a - 2 potions of magic
 h - 2 potions of might
 i - a potion of haste
 k - 4 potions of curing
 m - a potion of attraction
 p - a potion of heal wounds {unknown}


   Skills:
 + Level 2.9 Dodging
 - Level 1.7 Stealth
 + Level 3.0 Spellcasting
 - Level 1.0 Conjurations
 + Level 3.8 Air Magic


You had 3 spell levels left.
You knew the following spells:

 Your Spells              Type           Power      Damage    Failure   Level
a - Shock                 Conj/Air       40%        1d5       6%          1
b - Static Discharge      Conj/Air       20%        3-4/arc   10%         2
c - Swiftness             Air            15%        N/A       11%         3

Your spell library contained the following spells:

 Spells                   Type           Power      Damage    Failure   Level
 Magic Dart               Conj           24%        1d4       12%         1
 Mercury Vapours          Alch/Air       18%        N/A       12%         2
 Blink                    Tloc           4%         N/A       26%         2
 Call Imp                 Summ           4%         N/A       26%         2
 Ensorcelled Hibernation  Hex/Ice        4%         N/A       26%         2
 Mephitic Cloud           Conj/Alch/Air  8%         N/A       26%         3
 Fugue of the Fallen      Necr           2%         N/A       45%         3
 Tukima's Dance           Hex            2%         N/A       45%         3
 Airstrike                Air            7%         2d(2-18)  34%         4
 Iskenderun's Mystic Bla  Conj/Tloc      4%         2d3       80%         4
 Anguish                  Hex/Necr       1%         N/A       86%         4
 Dimensional Bullseye     Hex/Tloc       1%         N/A       86%         4
 Freezing Cloud           Conj/Ice/Air   4%         6-21      94%         5


Dungeon Overview and Level Annotations

Branches:
Dungeon (4/15)
 Temple: D:4-7

Altars:


Innate Abilities, Weirdness & Mutations

Your plain brown scales are hard. (AC +5)
You cannot fit into any form of body armour.
You are cold-blooded and may be slowed by cold attacks.


Message History

Confirm with . or Enter, or press ? or * to list all spells.
You don't have enough magic to cast this spell.
Unknown command.
Casting: Static Discharge (safe; 10% risk of failure)
Confirm with . or Enter, or press ? or * to list all spells.
You don't have enough magic to cast this spell.
Unknown command.
Casting: Static Discharge (safe; 10% risk of failure)
Confirm with . or Enter, or press ? or * to list all spells.
You don't have enough magic to cast this spell.
The black bear attacks as it pursues you!
The black bear completely misses you. The black bear claws you.
The black bear closely misses you.
Casting: Static Discharge (safe; 10% risk of failure)
Confirm with . or Enter, or press ? or * to list all spells.
The black bear is struck by an arc of lightning.
The black bear is severely wounded.
The sleepcap is struck by an arc of lightning.
The sleepcap is heavily damaged.
The black bear is struck by an arc of lightning.
The black bear is almost dead.
You are struck by an arc of lightning.
The lightning grounds out.
The black bear bites you but does no damage.
The black bear claws you but does no damage.
The black bear claws you.
You hit the black bear but do no damage.
The black bear is poisoned.
The black bear is almost dead.
The black bear goes berserk!
The sleepcap closely misses you.
You barely miss the black bear.
The black bear is almost dead.
The black bear bites you. The black bear barely misses you.
The black bear claws you. The black bear barely misses you. x3
The sleepcap releases spores at you.
* * * LOW HITPOINT WARNING * * *
You are engulfed in a cloud of soporific spores!
You fall asleep.
The black bear bites you!!
Ouch! That really hurt!
You die...

... #.. #### #.. ....
#..####..###.....
+........##..........#
#+####<......###....#
....#
#..........f##.....#
#f...#
#.###.....@h.......#
......
###...##......###......
#..####.....##.[....#
#.## #......#......#
##.# #.............#
#..####...###.>....##
###...##..### ##.....#
###.....#..## ##....#
............# #......


You could see a black bear (berserk, very poisoned) and a sleepcap.

Vanquished Creatures
  2 adders
  2 dart slugs
  A ribbon worm (D:3)
  3 endoplasms
  15 giant cockroaches
  5 goblins (D:1)
  2 hobgoblins
  7 kobolds
  5 quokkas
  9 ball pythons
  6 bats
  7 frilled lizards
  8 rats
72 creatures vanquished.

Notes
Turn   | Place    | Note
-------+----------+-------------------------------------------
     0 | D:1      | Arcadio the Draconian Air Elementalist began the quest for
                  | the Orb.
     0 | D:1      | Reached XP level 1. HP: 14/14 MP: 3/3
   100 | D:1      | Found a faded altar of an unknown god.
   134 | D:1      | Reached XP level 2. HP: 16/20 MP: 1/5
   385 | D:1      | Learned a level 2 spell: Static Discharge
   542 | D:1      | Reached XP level 3. HP: 20/26 MP: 6/6
   982 | D:2      | Learned a level 3 spell: Swiftness
  1943 | D:3      | Reached XP level 4. HP: 28/33 MP: 1/8
  3027 | D:4      | Noticed a black bear
  3054 | D:4      | Annihilated by a black bear

Illustrated notes

Levels and vault maps discovered:
D:1:      heliophobic_arrival_dark_side_of_the_moon, layout_basic,
          hellmonk_ecumenical_altar_run_dry, hangedman_decor_points,
          minmay_pentomino_r4
D:2:      layout_basic, serial_forest, infiniplex_forest_end_2,
          infiniplex_forest_lined_corner, infiniplex_forest_clump_medium,
          infiniplex_forest_straight_3, infiniplex_forest_lined_3,
          kennysheep_generic_room_12
D:3:      minmay_roachtagon, layout_basic, minmay_misc_feat_tower
D:4:      layout_layer_cave, mainiacjoe_overflow_six_doors_small,
          minmay_small_thing

Skill      XL: |  1  2  3  4 |
---------------+-------------+-----
Dodging        | 2 |  2.9
Spellcasting   | 3 |  3.0
Stealth        | |  1.7
Conjurations   | |  1.0
Air Magic      | |  3.8

Action                     |  1- 3 |  4- 6 || total
---------------------------+-------+-------++-------
  Melee: Dagger            |   140 |    39 ||   179
         Tailslap          |     9 |     6 ||    15
   Cast: Shock             |    35 |     6 ||    41
         Static Discharge  |     1 |     4 ||     5
    Use: Scroll            |     6 |       ||     6
   Stab: Sleeping          |     5 |     1 ||     6
 Armour: Skin              |    64 |    30 ||    94
  Dodge: Dodged            |    95 |    37 ||   132
